 Dungeon Crawl Stone Soup version 0.20-a0-1056-g7622305 (webtiles) character file.

247 Rrauwl the Chopper (level 6, -1/48 HPs)
             Began as a Formicid Berserker on Apr 26, 2017.
             Was a Believer of Trog.
             Slain by a worm (3 damage)
             ... on level 2 of the Dungeon.
             The game lasted 00:05:12 (1669 turns).

Rrauwl the Chopper (Formicid Berserker)             Turns: 1669, Time: 00:05:13

Health: -1/48      AC:  2    Str: 29    XL:     6   Next: 34%
Magic:  6/6        EV: 13    Int:  6    God:    Trog [**....]
Gold:   36         SH:  0    Dex: 10    Spells: 5/5 levels left

rFire    . . .     SeeInvis +   a - +0 hand axe
rCold    . . .     Gourm    .   (no shield)
rNeg     . . .     Faith    .   b - +0 animal skin
rPois    .         Spirit   .   (helmet unavailable)
rElec    .         Reflect  .   (no cloak)
rCorr    .         Harm     .   (no gloves)
MR       ++...                  (no boots)
Stlth    +.........             (no amulet)
Regen    1.2/turn               h - ring of teleportation (curse)
MPRegen  0.1/turn               (no ring)

@: mighty, regenerating
A: permanent stasis, dig shafts and tunnels, four strong arms, antennae 3
a: Dig, Shaft Self, Trog's Hand, Burn Spellbooks, Renounce Religion


You were on level 2 of the Dungeon.
You worshipped Trog.
Trog was pleased with you.
You were not hungry.

You visited 1 branch of the dungeon, and saw 2 of its levels.

You collected 36 gold pieces.

Inventory:

Hand Weapons
 a - a +0 hand axe (weapon)
Missiles
 d - 2 silver tomahawks (quivered)
Armour
 b - a +0 animal skin (worn)
Jewellery
 h - a cursed ring of teleportation (left hand)
Scrolls
 g - a scroll of identify {unknown}
 j - a scroll of enchant weapon {unknown}
Comestibles
 c - 2 bread rations
 f - 9 chunks of flesh
 i - a fruit


   Skills:
 - Level 4.0 Fighting
 + Level 4.4 Axes
 + Level 3.8 Armour
 + Level 3.3 Dodging
 - Level 1.0 Stealth


You had 5 spell levels left.
You didn't know any spells.

Dungeon Overview and Level Annotations

Branches:
Dungeon (2/15)

Altars:


Innate Abilities, Weirdness & Mutations

You cannot be hasted, slowed, berserked, paralysed or teleported.
You can dig through walls and to a lower floor.
Your four strong arms can wield two-handed weapons with a shield.
You have a pair of large antennae on your head. (SInv)


Message History

You slash the kobold!
You kill the kobold!
Trog accepts your kill.
Your skin crawls.
You feel resistant to hostile enchantments.
You feel somewhat more hungry.
You slice the worm!!
The worm is almost dead.
The worm bites you!
* * * LOW HITPOINT WARNING * * *
You barely miss the worm.
The worm is almost dead.
You barely miss the worm.
The worm is almost dead.
The worm bites you!
* * * LOW HITPOINT WARNING * * *
You barely miss the worm.
The worm is almost dead.
The worm bites you.
You die...

#..##.# ########.
###.###.##..
......... .##K#
#.#### ...... #.
)##.# #.#
##.......### .##.#
#.# .....s?.....#
.##.###.# ####..#
...)..r.{ .##.##..#
#.)...# .....#.#
.##.##..# #w# ...
#.# ).(((...# ##@##
.....#.#
.##.##..#######...#
#.......
.##...............#
#.####.#
.#####..#######...#
#.# .#
#..########### #[#
.# #.........# #.#
## #.#######.# #.#
# #.# ..# ## #.# ##


You could see a worm.

Vanquished Creatures
  Sigmund (D:2)
  3 adders (D:2)
  3 dart slugs (D:1)
  2 leopard geckos (D:1)
  7 bats
  5 giant cockroaches
  2 goblins (D:1)
  3 hobgoblins
  3 jackals (D:1)
  2 quokkas (D:2)
  2 ball pythons
  4 frilled lizards
  6 kobolds
  6 rats (D:1)
49 creatures vanquished.

Notes
Turn   | Place    | Note
-------+----------+-------------------------------------------
     0 | D:1      | Rrauwl the Formicid Berserker began the quest for the Orb.
     0 | D:1      | Reached XP level 1. HP: 18/18 MP: 1/1
   294 | D:1      | Reached XP level 2. HP: 17/24 MP: 2/2
   621 | D:1      | Reached XP level 3. HP: 25/30 MP: 3/3
   893 | D:1      | Reached ** piety under Trog
   893 | D:1      | Reached skill level 1 in Stealth
  1171 | D:2      | Reached XP level 4. HP: 12/37 MP: 4/4
  1602 | D:2      | Noticed Sigmund
  1637 | D:2      | Killed Sigmund
  1637 | D:2      | Reached XP level 5. HP: 9/42 MP: 5/5
  1637 | D:2      | Reached XP level 6. HP: 10/48 MP: 6/6
  1668 | D:2      | HP: 1/48 [worm (11)]
  1669 | D:2      | Slain by a worm

Vault maps used:
D:1:      lemuel_arrival_lava_pool
D:2:      first_bread, uniq_sigmund

Skill      XL: |  1  2  3  4 |
---------------+-------------+-----
Stealth        | 1 |  1.0
Fighting       | 4 |  4.0
Dodging        | 2 3 |  3.3
Axes           | 4 |  4.4
Armour         | 3 |  3.8

Action                   |  1- 3 |  4- 6 || total
-------------------------+-------+-------++-------
Melee: Hand axe          |   108 |    43 ||   151
Invok: Trog's Hand       |       |     1 ||     1
  Use: Scroll            |     1 |       ||     1
       Potion            |       |     3 ||     3
 Stab: Sleeping          |     2 |     1 ||     3
       Distracted        |       |     1 ||     1
  Eat: Chunk             |     1 |     2 ||     3
Armor: Animal skin       |    23 |     6 ||    29
Dodge: Dodged            |    69 |    24 ||    93
